 Dungeon Crawl Stone Soup version 0.22.1-2-g9c5b331 (webtiles) character file.

185 Gearfox the Chopper (level 5, -2/45 HPs)
             Began as a Hill Orc Fighter on Dec 6, 2018.
             Succumbed to a killer bee's poison
             ... on level 4 of the Dungeon.
             The game lasted 00:09:57 (3241 turns).

Gearfox the Chopper (Hill Orc Fighter)              Turns: 3241, Time: 00:09:57

Health: -2/45      AC: 10    Str: 25    XL:     5   Next: 64%
Magic:  5/5        EV:  9    Int: 10    God:
Gold:   183        SH:  0    Dex: 10    Spells: 4/4 levels left

rFire    . . .     SeeInvis .   j - +4 flail
rCold    . . .     Gourm    .   (no shield)
rNeg     . . .     Faith    .   b - +0 scale mail
rPois    .         Spirit   .   l - +0 helmet
rElec    .         Reflect  .   (no cloak)
rCorr    .         Harm     .   (no gloves)
MR       .....                  (no boots)
Stlth    ..........             (no amulet)
HPRegen  0.15/turn              (no ring)
MPRegen  0.09/turn              (no ring)

@: mighty, lethally poisoned (-2 -> -27)
A: icy blue scales 1, clever 1
a: no special abilities


You were on level 4 of the Dungeon.
You were not hungry.

You visited 1 branch of the dungeon, and saw 4 of its levels.

You collected 183 gold pieces.

Inventory:

Hand Weapons
 a - a +1 war axe
 j - a +4 flail (weapon)
Armour
 b - a +0 scale mail (worn)
 c - a +0 shield
 l - a +0 helmet (worn)
Jewellery
 i - an uncursed ring of protection from cold
Scrolls
 m - a scroll of fear
Potions
 d - a potion of might
 g - a potion of heal wounds
 k - a potion of cancellation
 n - a potion of flight
 o - a potion of berserk rage
Comestibles
 f - 7 rations


   Skills:
 - Level 3.6 Fighting
 - Level 5.8(6.5) Axes
 * Level 3.7(4.8) Maces & Flails
 - Level 3.2 Armour
 - Level 3.2 Shields


You had 4 spell levels left.
You didn't know any spells.
Your spell library was empty.

Dungeon Overview and Level Annotations

Branches:
Dungeon (4/15)
 Temple: D:4-7

Altars:


Innate Abilities, Weirdness & Mutations

You are partially covered in icy blue scales. (AC +2)
Your mind is acute. (Int +2)


Message History

The killer bee is heavily wounded.
* * * LOW HITPOINT WARNING * * *
You feel very sick. The killer bee completely misses you.
The killer bee barely misses you. The killer bee stings you.
* * * LOW HITPOINT WARNING * * *
The killer bee stings you but does no damage.
The killer bee closely misses you. The orc barely misses you.
The killer bee stings you but does no damage.
The killer bee misses you.
You closely miss the killer bee.
* * * LOW HITPOINT WARNING * * *
You feel sick. The killer bee closely misses you. The killer bee stings you.
* * * LOW HITPOINT WARNING * * *
The killer bee closely misses you. The killer bee barely misses you.
The killer bee closely misses you. x2; The orc hits you but does no damage.
The killer bee completely misses you.
You sock the killer bee!
The killer bee is severely wounded.
You die...

#....... #......#####
..........# #......#.# #
#......#.#
#.#######......#.#
##.#.......#......#.####
......y@†..'......'.....
##....oyy..#......#.###.
#.........#......#.....
#.........#............
#.##......#............
# ..##########.........
... .......... ...
#......###. #......# #.


You could see 3 killer bees and an orc.

Vanquished Creatures
  A killer bee (D:4)
  An iguana (D:3)
  3 adders
  2 worms (D:2)
  A dart slug (D:2)
  5 leopard geckos
  6 orcs (D:3)
  6 bats
  5 giant cockroaches
  6 goblins
  9 hobgoblins
  4 jackals
  5 frilled lizards
  6 kobolds
  11 rats
71 creatures vanquished.

Notes
Turn   | Place    | Note
-------+----------+-------------------------------------------
     0 | D:1      | Gearfox the Hill Orc Fighter began the quest for the Orb.
     0 | D:1      | Reached XP level 1. HP: 19/19 MP: 1/1
   201 | D:1      | Reached skill level 3 in Axes
   244 | D:1      | Reached XP level 2. HP: 19/26 MP: 2/2
   472 | D:1      | Reached skill level 4 in Axes
  1329 | D:2      | Reached XP level 3. HP: 31/31 MP: 3/3
  1349 | D:2      | Reached skill level 5 in Axes
  1737 | D:2      | Gained mutation: You are partially covered in icy blue
                  | scales. (AC +2) [potion of mutation]
  1737 | D:2      | Gained mutation: Your mind is acute. (Int +2) [potion of
                  | mutation]
  1884 | D:2      | Reached XP level 4. HP: 37/39 MP: 4/4
  2484 | D:3      | Reached skill level 1 in Maces & Flails
  2730 | D:3      | Reached XP level 5. HP: 45/45 MP: 5/5
  3235 | D:4      | HP: 1/45 [killer bee (7)]
  3240 | D:4      | HP: 2/45 [poisoned by a killer bee]
  3241 | D:4      | Succumbed to a killer bee's poison

Skill      XL: |  1  2  3  4  5 |
---------------+----------------+-----
Axes           | 3 4 5 |  5.8
Maces & Flails | 2 3 |  3.7
Fighting       | |  3.6
Armour         | |  3.2
Shields        | |  3.2

Action                   |  1- 3 |  4- 6 || total
-------------------------+-------+-------++-------
Melee: War axe           |   104 |    19 ||   123
       Flail             |       |    75 ||    75
  Use: Scroll            |    10 |     5 ||    15
       Potion            |     2 |     2 ||     4
  Eat: Ration            |     1 |       ||     1
       Chunk             |       |     4 ||     4
Armor: Scale mail        |    98 |    82 ||   180
Dodge: Dodged            |    89 |    73 ||   162
